 Dungeon Crawl Stone Soup version 0.28-a0-677-g3278d6a771 (webtiles) character file.

Game seed: 8171227117640982331

251 Gargoyl the Skirmisher (level 6, -1/48 (53) HPs)
             Began as a Gnoll Abyssal Knight on Oct 18, 2021.
             Was a Follower of Lugonu.
             Slain by Edmund the centaur (10 damage)
             ... on level 5 of the Dungeon.
             The game lasted 00:03:37 (3121 turns).

Gargoyl the Skirmisher (Gnoll Abyssal Knight)       Turns: 3121, Time: 00:03:37

HP:   -1/48 (53)    AC: 12    Str: 14    XL:     6   Next: 13%
MP:   9/9           EV:  5    Int: 10    God:    Lugonu [*.....]
Gold: 165           SH:  0    Dex: 12    Spells: 8/8 levels left

rFire   + . .      SeeInvis .   e - +1 long sword (elec)
rCold   . . .      Faith    .   (no shield)
rNeg    . . .      Spirit   .   h - +0 plate armour
rPois   .          Reflect  .   (no helmet)
rElec   .          Harm     .   (no cloak)
rCorr   .          Rampage  .   (no gloves)
Will    .....                   (no boots)
Stlth   ..........              (no amulet)
HPRegen 0.16/turn               c - ring of protection from fire
MPRegen 0.11/turn               (no ring)

@: drained
A: fangs 1, strong nose, distributed training
a: Renounce Religion, Depart the Abyss


You were on level 5 of the Dungeon.
You worshipped Lugonu.
Lugonu was aware of your devotion.
You visited 1 branch of the dungeon, and saw 5 of its levels.
You visited the Abyss 1 time.

You collected 165 gold pieces.

Inventory:

Hand Weapons
 a - a +1 hand axe
 e - a +1 long sword of electrocution (weapon)
 l - a +0 war axe
Armour
 h - a +0 plate armour (worn)
Jewellery
 c - a ring of protection from fire (left hand)
Wands
 b - a wand of polymorph (4)
Scrolls
 k - 2 scrolls of identify
Potions
 d - 3 potions of curing
 f - 4 potions of attraction {unknown}
 g - a potion of might {unknown}
 i - a potion of lignification {unknown}
 j - a potion of degeneration {unknown}
 m - a potion of flight {unknown}


   Skills:
 + Level 6.8 Fighting
 + Level 1.8 Short Blades
 + Level 1.8 Long Blades
 + Level 4.9 Axes
 + Level 1.8 Maces & Flails
 + Level 1.8 Polearms
 + Level 1.8 Staves
 + Level 1.8 Slings
 + Level 1.8 Bows
 + Level 1.8 Crossbows
 + Level 1.8 Throwing
 + Level 4.9 Armour
 + Level 3.1 Dodging
 + Level 1.8 Stealth
 + Level 1.8 Shields
 + Level 1.8 Unarmed Combat
 + Level 1.8 Spellcasting
 + Level 1.4 Conjurations
 + Level 1.4 Hexes
 + Level 1.4 Summonings
 + Level 1.4 Necromancy
 + Level 1.4 Translocations
 + Level 1.4 Transmutations
 + Level 1.4 Fire Magic
 + Level 1.4 Ice Magic
 + Level 1.4 Air Magic
 + Level 1.4 Earth Magic
 + Level 1.4 Poison Magic
 + Level 5.0 Invocations
 + Level 1.8 Evocations


You had 8 spell levels left.
You didn't know any spells.
Your spell library contained the following spells:

 Spells                   Type           Power      Damage    Failure   Level
 Freeze                   Ice            12%        1d4       100%        1
 Ensorcelled Hibernation  Hex/Ice        6%         N/A       100%        2
 Frozen Ramparts          Ice            6%         1d2       100%        3
 Spider Form              Tmut/Pois      1%         N/A       100%        3
 Hailstorm                Conj/Ice       3%         3d3       100%        4


Dungeon Overview and Level Annotations

Branches:
Dungeon (4/15)             Temple (0/1) D:4

Altars:
Kikubaaqudgha

Annotations:
D:5 Edmund


Innate Abilities, Weirdness & Mutations

You have very sharp teeth.
Your uncanny sense of smell can sniff out nearby items.
Your experience applies equally to all skills.


Message History

There is an open door here.
You open the door.
There is an open door here.
You now have 165 gold pieces (gained 7).
An adder skeleton comes into view.
You fall into a shaft and drop 1 floor!
The shaft crumbles and collapses.
Found a potion of curing.
Found an ancient bone altar of Kikubaaqudgha.
d - 2 potions of curing (gained 1)
d - 3 potions of curing (gained 1) Edmund the Younger comes into view.
He is wielding a +8 flail of draining.
Edmund is nearby!
Aiming: Polymorph
Press: ? - help, Shift-Dir - straight line, f - Edmund
Aim: Edmund, wielding a +8 flail of draining and wearing a +0 ring mail (will become a centaur, a rat, or a swamp drake, chance to affect: 50%) Edmund evaporates and reforms as a centaur!
Edmund picks up a +8 flail of draining.
Edmund wields a +8 flail of draining.
You sense an unholy aura.
Edmund picks up a cyan potion.
You slash Edmund!
Edmund is moderately wounded.
Edmund hits you with a +8 flail of draining.
You feel drained. Edmund kicks you but does no damage.
You hit Edmund.
Edmund is moderately wounded.
Edmund hits you with a +8 flail of draining!
You feel drained. Edmund kicks you but does no damage.
Edmund hits you with a +8 flail of draining!
You feel drained. Edmund kicks you.
Your plate armour prevents you from hitting Edmund.
You bite Edmund, but do no damage.
Edmund is moderately wounded.
Edmund hits you with a +8 flail of draining!
* * * LOW HITPOINT WARNING * * *
You feel drained.
* * * LOW HITPOINT WARNING * * *
Edmund barely misses you.
Edmund hits you with a +8 flail of draining!
You die...

#... ∆....
#....# ...
.....##...
........
.∆....# .# ##.
... .# #..##.##
.# #..#..# #.#
#..@..##..##
#.c#.......###
#..####......#
#.#####.....##.
#..............
#..............
#....##....####
###.###.....# #
##...#...#...#


You could see Edmund the centaur.

Vanquished Creatures
  A golden eye (D:4)
  A hound (D:3)
  A hound skeleton (D:4)
  3 adders
  A dart slug (D:2)
  4 ball pythons
  2 endoplasms
  A giant cockroach (D:1)
  5 goblins
  6 hobgoblins
  2 kobolds
  6 bats
  3 frilled lizards
  7 rats
43 creatures vanquished.

Vanquished Creatures (others)
  2 fungi (D:2)
  2 plants (D:2)
4 creatures vanquished.

Grand Total: 47 creatures vanquished

Notes
Turn   | Place    | Note
-------+----------+-------------------------------------------
     0 | Abyss:1  | Gargoyl the Gnoll Abyssal Knight began the quest for the
                  | Orb.
     0 | Abyss:1  | Reached XP level 1. HP: 23/23 MP: 3/3
    82 | Abyss:2  | Identified the +2 ring mail "Ympidufu" {Harm rN+}
   145 | Abyss:2  | Noticed a smoke demon
   166 | Abyss:3  | Noticed a profane servitor
   174 | D:1      | Escaped the Abyss
   293 | D:1      | Reached * piety under Lugonu
   461 | D:1      | Reached XP level 2. HP: 29/29 MP: 5/5
   991 | D:2      | Found a faded altar of an unknown god.
  1184 | D:2      | Reached XP level 3. HP: 35/35 MP: 6/6
  1899 | D:3      | Reached skill level 1 in Short Blades
  1899 | D:3      | Reached skill level 1 in Long Blades
  1899 | D:3      | Reached skill level 1 in Maces & Flails
  1899 | D:3      | Reached skill level 1 in Polearms
  1899 | D:3      | Reached skill level 1 in Staves
  1899 | D:3      | Reached skill level 1 in Slings
  1899 | D:3      | Reached skill level 1 in Bows
  1899 | D:3      | Reached skill level 1 in Crossbows
  1899 | D:3      | Reached skill level 1 in Throwing
  1899 | D:3      | Reached skill level 1 in Stealth
  1899 | D:3      | Reached skill level 1 in Shields
  1899 | D:3      | Reached skill level 1 in Unarmed Combat
  1899 | D:3      | Reached skill level 1 in Spellcasting
  1899 | D:3      | Reached skill level 1 in Evocations
  2053 | D:3      | Reached XP level 4. HP: 40/41 MP: 7/7
  2841 | D:4      | Reached skill level 1 in Conjurations
  2841 | D:4      | Reached skill level 1 in Hexes
  2841 | D:4      | Reached skill level 1 in Summonings
  2841 | D:4      | Reached skill level 1 in Necromancy
  2841 | D:4      | Reached skill level 1 in Translocations
  2841 | D:4      | Reached skill level 1 in Transmutations
  2841 | D:4      | Reached skill level 1 in Fire Magic
  2841 | D:4      | Reached skill level 1 in Ice Magic
  2841 | D:4      | Reached skill level 1 in Air Magic
  2841 | D:4      | Reached skill level 1 in Earth Magic
  2841 | D:4      | Reached skill level 1 in Poison Magic
  2876 | D:4      | Found a staircase to the Ecumenical Temple.
  2973 | D:4      | Noticed an ogre
  2976 | D:4      | Noticed a hornet
  2976 | D:4      | an ogre changed into a hornet
  2977 | D:4      | Noticed a golden eye
  2977 | D:4      | a hornet changed into a golden eye
  2982 | D:4      | Killed a golden eye
  2983 | D:4      | Reached skill level 5 in Invocations
  2983 | D:4      | Reached XP level 5. HP: 47/47 MP: 8/8
  2983 | D:4      | Reached XP level 6. HP: 53/53 MP: 9/9
  3089 | D:4      | You fall into a shaft and drop 1 floor!
  3089 | D:5      | Entered Level 5 of the Dungeon
  3090 | D:5      | Found an ancient bone altar of Kikubaaqudgha.
  3116 | D:5      | Noticed Edmund
  3117 | D:5      | Noticed Edmund
  3117 | D:5      | Edmund changed into Edmund the centaur
  3121 | D:5      | Slain by Edmund the centaur

Illustrated notes

Levels and vault maps discovered:
D:1:      minmay_arrival_widening_spiral_wide, layout_rooms, serial_aquarium,
          aquarium_bridge_straight [aquarium_subvault_bridge,
          aquarium_subvault_window, aquarium_subvault_bridge,
          aquarium_subvault_window], aquarium_window_fake,
          aquarium_window_corner, aquarium_window_fake, aquarium_view_2e
D:2:      layout_loops_ring, shapermc_ecumenical_altar_mp_ritualfount,
          minmay_tetromino_l4
D:3:      layout_basic, st_stairs_12
D:4:      layout_gridville, minmay_temple_entry_from_below_b, uniq_duvessa
D:5:      layout_cave_pools, lightli_temple_of_fire,
          gammafunk_temple_overflow_wave, mainiacjoe_overflow_tiny_flanked,
          serial_shops, shop_coins, uniq_edmund

Skill      XL: |  1  2  3  4 |
---------------+-------------+-----
Short Blades   | 1 |  1.8
Long Blades    | 1 |  1.8
Maces & Flails | 1 |  1.8
Polearms       | 1 |  1.8
Staves         | 1 |  1.8
Slings         | 1 |  1.8
Bows           | 1 |  1.8
Crossbows      | 1 |  1.8
Throwing       | 1 |  1.8
Stealth        | 1 |  1.8
Shields        | 1 |  1.8
Unarmed Combat | 1 |  1.8
Spellcasting   | 1 |  1.8
Evocations     | 1 |  1.8
Conjurations   | 1 |  1.4
Hexes          | 1 |  1.4
Summonings     | 1 |  1.4
Necromancy     | 1 |  1.4
Translocations | 1 |  1.4
Transmutations | 1 |  1.4
Fire Magic     | 1 |  1.4
Ice Magic      | 1 |  1.4
Air Magic      | 1 |  1.4
Earth Magic    | 1 |  1.4
Poison Magic   | 1 |  1.4
Dodging        | 3 |  3.1
Invocations    | 5 |  5.0
Fighting       | |  6.8
Axes           | |  4.9
Armour         | |  4.9

Action                   |  1- 3 |  4- 6 || total
-------------------------+-------+-------++-------
Melee: Hand axe          |    73 |       ||    73
       Bite              |     8 |     2 ||    10
       Long sword        |    27 |    30 ||    57
       Punch             |       |     1 ||     1
Invok: Depart the Abyss  |     1 |       ||     1
Evoke: Wand              |       |     4 ||     4
  Use: Scroll            |     5 |     2 ||     7
Armor: Leather armour    |     9 |       ||     9
       Plate armour      |    65 |    21 ||    86
Dodge: Dodged            |    45 |    11 ||    56

Table legend: (Time is in decaauts)
 A = Elapsed time spent in this place.
 B = Non-inter-level travel time spent in this place.
 C = Inter-level travel time spent in this place.
 D = Time resting spent in this place.
 E = Time spent auto-exploring this place.
 F = Levels seen in this place.
 G = Mean time per level.
                   A        B        C        D        E       F      G
               +--------+--------+--------+--------+--------+-----+--------+
         Total |   3145 |   3035 |    110 |    211 |   2323 |   8 |  393.1 |
       Dungeon |   2972 |   2862 |    110 |    211 |   2200 |   5 |  594.4 |
         Abyss |    173 |    173 |      0 |      0 |    123 |   3 |   57.7 |
               +--------+--------+--------+--------+--------+-----+--------+

Top non-repeatable levels by time:
     D:2: 1099 daAuts
     D:3: 895 daAuts
     D:1: 532 daAuts
     D:4: 412 daAuts
 Abyss:1: 80 daAuts
 Abyss:2: 69 daAuts
     D:5: 32 daAuts
 Abyss:3: 22 daAuts
